 Dungeon Crawl Stone Soup version 0.29-a0-472-ge5599a681e (webtiles) character file.

Game seed: 15712144409130025412

2 Pelinal the Digger (level 1, 3/10 HPs)
             Began as a Gargoyle Earth Elementalist on May 23, 2022.
             Got out of the dungeon alive.
             The game lasted 00:00:36 (46 turns).

Pelinal the Digger (Gargoyle Earth Elementalist)      Turns: 46, Time: 00:00:37

Health: 3/10       AC:  4    Str: 11    XL:     1   Next: 40%
Magic:  1/3        EV: 11    Int: 15    God:
Gold:   0          SH:  0    Dex: 10    Spells: 3/4 levels left

rFire   . . .      SeeInvis .   (no weapon)
rCold   . . .      Faith    .   (no shield)
rNeg    + . .      Spirit   .   b - +0 robe
rPois   ∞          Reflect  .   (no helmet)
rElec   +          Harm     .   (no cloak)
rCorr   .          Rampage  .   (no gloves)
Will    .....                   (no boots)
Stlth   ++........              (no amulet)
HPRegen 0.03/turn               (no ring)
MPRegen 0.08/turn               (no ring)

@: no status effects
A: sickness immunity, AC +2, negative energy resistance 1, electricity
resistance, torment resistance 1, petrification resistance
a: no special abilities


You escaped.
You visited 1 branch of the dungeon, and saw 1 of its levels.

Inventory:

Missiles
 a - 27 stones
 d - a poisoned dart (quivered)
Armour
 b - a +0 robe (worn)
Scrolls
 e - a scroll of blinking {unknown}
Potions
 c - a potion of magic


   Skills:
 - Level 1.5 Dodging
 + Level 2.2 Stealth
 - Level 2.0 Spellcasting
 + Level 0.8 Transmutations
 * Level 3.7 Earth Magic


You had 3 spell levels left.
You knew the following spells:

 Your Spells              Type           Power      Damage    Failure   Level
a - Sandblast             Erth           24%        2d8       4%          1

Your spell library contained the following spells:

 Spells                   Type           Power      Damage    Failure   Level
 Passwall                 Tmut/Erth      6%         N/A       13%         2
 Stone Arrow              Conj/Erth      14%        3d7       30%         3
 Petrify                  Tmut/Erth      8%         N/A       65%         4


Dungeon Overview and Level Annotations

Branches:
Dungeon (1/15)

Altars:


Innate Abilities, Weirdness & Mutations

You are immune to sickness and miasma.
Your stone body is resilient. (AC +2)
You are immune to poison.
You resist negative energy. (rN+)
You are resistant to electric shocks. (rElec)
You are resistant to unholy torment.
You are immune to petrification.


Message History

The poisoned dart misses the frilled lizard.
The poisoned dart barely misses the goblin.
A jackal comes into view.
The frilled lizard bites you.
Throw: 3 darts (poison)
Press: ? - help, Q - select action, (/) - cycle Shift-Dir - straight line, f/p - frilled lizard
Aim: a frilled lizard (32% to hit)
You throw a poisoned dart.
The poisoned dart closely misses the frilled lizard.
The poisoned dart hits the goblin.
The goblin is poisoned.
The jackal barks!
You hear a bark! x2
The frilled lizard bites you but does no damage.
The frilled lizard attacks as you move away!
The frilled lizard closely misses you.
A jackal comes into view.
An endoplasm comes into view.
The frilled lizard attacks as you move away!
The frilled lizard barely misses you.
You kill the goblin!
The frilled lizard attacks as you move away!
The frilled lizard bites you but does no damage.
Throw: 2 darts (poison)
Press: ? - help, Q - select action, (/) - cycle Shift-Dir - straight line, f/p - frilled lizard
Aim: a frilled lizard (32% to hit)
You throw a poisoned dart.
The poisoned dart barely misses the frilled lizard.
The poisoned dart hits the jackal.
The jackal is poisoned.
The frilled lizard bites you.
The frilled lizard attacks as you move away!
The frilled lizard bites you. The frilled lizard barely misses you.
The jackal looks more healthy.
The frilled lizard attacks as you move away!
The frilled lizard closely misses you.
There is a staircase leading out of the dungeon here.
You miss the frilled lizard. The frilled lizard bites you.
* * * LOW HITPOINT WARNING * * *
Are you sure you want to leave the Dungeon?
This will make you lose the game!
The frilled lizard bites you but does no damage.
You have escaped!

...###.##(#......
. #. #h#.....#
#)##.#.....#
#.h......#
.########.####.##.
........h.........
######h#.####.##.
#l#.# #@#.# #>#..
#.#.# ....# #....
###. . ..


You could see 2 jackals and a frilled lizard.

Vanquished Creatures
  A goblin (D:1)
  A jackal (D:1)
2 creatures vanquished.

Notes
Turn   | Place    | Note
-------+----------+-------------------------------------------
     0 | D:1      | Pelinal the Gargoyle Earth Elementalist began the quest for
                  | the Orb.
     0 | D:1      | Reached XP level 1. HP: 10/10 MP: 3/3
    46 | D:$      | Got out of the dungeon alive.

Illustrated notes

Levels and vault maps discovered:
D:1:      dpeg_arrival_tiny_i, layout_basic

Action                   || total
-------------------------++-------
Melee: Unarmed           ||     1
Throw: Dart              ||     5
 Cast: Sandblast         ||     3
Armor: Robe              ||     3
Dodge: Dodged            ||     6

Table legend: (Time is in decaauts)
 A = Elapsed time spent in this place.
 B = Non-inter-level travel time spent in this place.
 C = Inter-level travel time spent in this place.
 D = Time resting spent in this place.
 E = Time spent auto-exploring this place.
 F = Levels seen in this place.
 G = Mean time per level.
                   A        B        C        D        E       F      G
               +--------+--------+--------+--------+--------+-----+--------+
         Total |     46 |     46 |      0 |      0 |     10 |   1 |   46.0 |
       Dungeon |     46 |     46 |      0 |      0 |     10 |   1 |   46.0 |
               +--------+--------+--------+--------+--------+-----+--------+

Top non-repeatable levels by time:
     D:1: 46 daAuts
